Map: Dash and Terminal LE (Void)

Players

AcerBly (Bly) - Winner!

  • Race: Zerg Zerg
  • League: Diamond

TheDoctor

  • Race: Protoss Protoss
  • League: Grandmaster

Event: Lycan League Weekly September #1

VOD

Have the link to the VOD?

Description

Time

  • Played on: Sept. 21, 2015, 1:45 p.m.
  • Length: 5:44

All games in this series

Show
View Real Time Build Order
Export as new Build Order

AcerBly Zerg - Winner!

Build Orders: Hatch First, Ravager All-In 

Get SALT Encoding   

  12  0:01  Drone  
  13  0:11  Drone  
  14  0:22  Overlord  
  14  0:26  Drone, Extractor  
  15  0:42  Drone x2  
  17  0:54  Hatchery  
  16  0:59  Extractor  
  16  1:03  Drone  
  16  1:04  Drone  
  17  1:17  Spawning Pool  
  16  1:19  Drone  
  17  1:26  Drone  
  17  1:30  Drone  
  19  1:38  Drone  
  20  1:49  Overlord  
  20  2:05  Queen  
  20  2:06  Roach Warren, Zergling x2  
  20  2:08  Metabolic Boost  
  22  2:10  Extractor  
  22  2:12  Zergling x2  
  22  2:17  Drone  
  22  2:20  Zergling x2  
  24  2:26  Drone  
  24  2:28  Drone  
  26  2:35  Queen  
  28  2:43  Overlord  
  28  2:50  Roach  
  29  2:54  Roach  
  31  2:59  Roach  
  31  3:02  Roach  
  35  3:12  Roach  
  35  3:26  Roach  
  35  3:27  Roach x2  
  35  3:28  Roach  
  41  3:42  Ravager x2  
  41  3:43  Zergling x6  
  41  3:46  Overlord  
  44  3:53  Overlord  
  44  4:06  Ravager x2  
  46  4:12  Zergling x10  
  51  4:23  Ravager  
  48  4:30  Ravager  
  49  4:42  Ravager  
  47  4:46  Zergling x2  
  47  4:47  Zergling x12  
  47  4:48  Queen  
  51  5:10  Zergling x4  
  51  5:11  Zergling x8  
Show
View Real Time Build Order
Export as new Build Order

TheDoctor Protoss 

Build Orders: 1 Gate Expand 

Get SALT Encoding   

  12  0:00  Probe (Chrono Boost)  
  13  0:10  Probe (Chrono Boost)  
  14  0:20  Pylon  
  14  0:22  Probe (Chrono Boost)  
  15  0:37  Probe (Chrono Boost)  
  16  0:44  Gateway  
  16  0:47  Probe (Chrono Boost)  
  17  0:57  Probe (Chrono Boost)  
  18  1:07  Probe (Chrono Boost)  
  19  1:17  Nexus  
  19  1:19  Probe (Chrono Boost)  
  20  1:27  Assimilator  
  20  1:30  Probe (Chrono Boost)  
  20  1:32  Zealot (Chrono Boost)  
  23  1:43  Pylon  
  23  1:58  Cybernetics Core  
  23  2:00  Zealot (Chrono Boost)  
  23  2:01  Probe  
  26  2:10  Assimilator  
  26  2:13  Probe  
  27  2:25  Probe  
  28  2:31  Mothership Core  
  28  2:35  Adept (Chrono Boost)  
  32  2:40  Probe  
  32  2:50  Probe  
  32  2:52  Probe  
  32  2:54  Pylon  
  32  2:57  Adept (Chrono Boost)  
  34  2:59  Probe  
  34  3:03  Warp Gate (Chrono Boost)  
  34  3:04  Probe  
  38  3:09  Probe  
  39  3:16  Probe  
  39  3:19  Stargate  
  40  3:22  Probe  
  40  3:23  Adept (Chrono Boost)  
  41  3:28  Probe  
  38  3:35  Gateway  
  38  3:38  Gateway  
  38  3:45  Adept (Chrono Boost)  
  38  3:48  Pylon  
  40  3:51  Pylon  
  40  3:53  Probe  
  42  4:00  Pylon  
  41  4:05  Void Ray (Chrono Boost)  
  43  4:10  Probe  
  43  4:15  Pylon  
  42  4:19  Pylon  
  42  4:22  Pylon  
  40  4:28  Pylon  
  40  4:31  Probe  
  40  4:33  Probe  
  40  4:37  Void Ray (Chrono Boost)  
  42  4:43  Probe  
  47  4:46  Probe  
  48  5:06  Adept  
  44  5:07  Adept  
  32  5:29  Adept x2  

Tags
 
Add a new tag
Caveats
  • Supply blocks, unpowered buildings, or Contaminate may cause inaccurate times.
  • Supply counts are checked every 10 seconds.